AoeStats
← 18 on berries

Arabia

511043389Analyzed
1v1 RM · 8h ago on Oct 3, 2026· 45m 57s· 2 players
Game mode
Random Map
Map size
Tiny (2 player)
Population
200
Speed
Normal
Resources
Standard
Victory
Conquest
Starting age
Dark Age
Ending age
Imperial Age
RankedLock teamsTeams togetherTeam positionsShared explorationLock speedFull tech treeHidden civsTurbo modeCheats
Victory
Defeat
🇻🇳 Khitans · Vietnam
2086
+10
🇩🇪 Mongols · Germany
1954
-10
18 on berries
8:04 Feudal Age
7:53 Loom
8:40 Double-Bit Axe
9:55 Horse Collar
19:11 Castle Age
17:43 Gold Mining
18:47 Bloodlines
20:21 Bow Saw
21:04 Wheelbarrow
26:08 Heavy Plow
25:57 Town Watch
30:31 Stone Mining
32:10 Scale Barding Armor
35:31 Imperial Age
33:39 Fletching
34:01 Scale Barding Armor
36:05 Ballistics
36:16 Scale Barding Armor
36:28 Heavy Scorpion
37:56 Conscription
37:40 Husbandry
37:00 Light Cavalry
39:35 Chemistry
38:14 Light Cavalry
39:58 Siege Engineers
41:49 Drill
42:17 Chain Barding Armor
45:08 Capped Ram
Sóc Min
6:05 Loom
8:48 Feudal Age
9:22 Double-Bit Axe
19:23 Castle Age
18:38 Fletching
18:39 Gold Mining
19:28 Crossbowman
20:08 Bodkin Arrow
20:24 Bow Saw
22:06 Forging
29:35 Wheelbarrow
30:00 Ballistics
34:08 Imperial Age
32:19 Padded Archer Armor
33:59 Leather Archer Armor
33:36 Stone Mining
34:52 Bracer
35:56 Chemistry
35:40 Hand Cart
36:25 Ring Archer Armor
39:03 Domestication
40:06 Scale Barding Armor
40:03 Husbandry
39:24 Light Cavalry
40:33 Conscription
41:28 Chain Barding Armor
41:08 Heavy Camel Rider
41:57 Town Watch
42:48 Plate Barding Armor
44:12 Iron Casting
43:28 Hussar
45:44 Masonry
45:42 Ordo Cavalry
45:42 Lamellar Armor
Connection lost

Rejoining the realm…

Still unreachable

The connection could not be restored.

Session expired

The server has moved on; the page needs a fresh start.